 Dungeon Sprint DCSS version 0.28-a0-851-g8b9cc49659 (webtiles) character file.

Game seed: 9291432896111627471

70660 mhtbhm the Shatterer (level 14, -19/244 HPs)
             Began as a Minotaur Fighter on Nov 14, 2021.
             Was the Champion of Okawaru.
             Demolished by a titan (25 damage)
             ... in the Dungeon (Sprint IX: "|||||||||||||||||||||||||||||").
             The game lasted 00:10:00 (6094 turns).

mhtbhm the Shatterer (Minotaur Fighter)             Turns: 6094, Time: 00:10:00

Health: -19/244    AC: 48    Str: 29    XL:     14   Next: 94%
Magic:  26/26      EV: 10    Int:  5    God:    Okawaru [******]
Gold:   727        SH:  9    Dex: 14    Spells: 13/13 levels left

rFire   . . .      SeeInvis .   a - +2 eveningstar (drain)
rCold   . . .      Faith    .   c - +0 buckler
rNeg    . . .      Spirit   .   b - +13 crystal plate armour "Jakav Noyck" {Dex+4}
rPois   .          Reflect  .   (helmet restricted)
rElec   .          Harm     .   I - scarf {repulsion}
rCorr   +          Rampage  .   t - +1 pair of gloves {Str+3}
Will    ++...      NoTele   +   o - +2 pair of boots of Chimes {rCorr}
Stlth   ..........              (no amulet)
HPRegen 0.50/turn               n - +2 ring of protection
MPRegen 0.20/turn               D - ring of willpower

@: berserking (expiring), repel missiles, very quick
A: horns 2, retaliatory headbutt
a: Renounce Religion, Heroism, Finesse


You were in the Dungeon.
You worshipped Okawaru.
Okawaru was exalted by your worship.
You visited 1 branch You collected 1883 gold pieces.
You spent 1156 gold pieces at shops.

Inventory:

Hand Weapons
 a - a +2 eveningstar of draining (weapon)
Missiles
 u - 2 curare-tipped darts (quivered)
Armour
 b - the +13 crystal plate armour "Jakav Noyck" (worn) {Dex+4}
   (Okawaru gifted it to you in the Dungeon)

   Dex:       It affects your dexterity (+4).
 c - a +0 buckler (worn)
 o - the +2 pair of boots of Chimes (worn) {rCorr}
   (Okawaru gifted it to you in the Dungeon)

   rCorr:     It protects you from acid and corrosion.
 q - a scarf of invisibility
 t - a +1 pair of gloves of strength (worn)
 I - a scarf of repulsion (worn)
Jewellery
 n - a +2 ring of protection (left hand)
 B - a ring of ice
 C - a ring of protection from cold
 D - a ring of willpower (right hand)
 E - a ring of willpower
Wands
 l - a wand of iceblast (7)
Scrolls
 j - 2 scrolls of blinking
 k - 2 scrolls of amnesia
 p - 4 scrolls of enchant weapon
 r - 4 scrolls of identify
 s - 3 scrolls of enchant armour
 x - a scroll of magic mapping
 y - a scroll of silence
 z - 4 scrolls of fog
 A - a scroll of holy word
 H - a scroll of fear
Potions
 d - a potion of might
 e - 4 potions of curing
 f - a potion of heal wounds
 g - 2 potions of haste
 h - 5 potions of magic
 v - a potion of cancellation
 w - a potion of attraction
 G - 2 potions of mutation


   Skills:
 + Level 25.8 Fighting
 + Level 25.8 Maces & Flails
 + Level 2.7 Throwing
 + Level 20.4 Armour
 + Level 8.5 Dodging
 + Level 3.6 Stealth
 + Level 19.3 Shields
 * Level 18.5 Invocations
 + Level 1.2 Evocations


You had 13 spell levels left.
You didn't know any spells.
Your spell library was empty.

Dungeon Overview and Level Annotations

Branches:
Dungeon (1/1)

Altars:
Cheibriados
Dithmenos
Elyvilon
Fedhas
Gozag
Hepliaklqana
Kikubaaqudgha
Makhleb
Nemelex Xobeh
Okawaru
Qazlal
Ru
Sif Muna
Trog
Uskayaw
Vehumet
Wu Jian
Xom
Yredelemnul
Zin
The Shining One
Beogh
Jiyva
Lugonu

Shops:
D =:*?


Innate Abilities, Weirdness & Mutations

You have a pair of horns on your head.
You reflexively headbutt those who attack you in melee.


Message History

Unknown command.
The deep elf sorcerer mumbles some strange words.
The deep elf sorcerer seems to speed up.
The dire elephant tramples you.
* * * LOW HITPOINT WARNING * * *
You hold your ground!
The dire elephant trunk-slaps you!
* * * LOW HITPOINT WARNING * * *
Items here: )) [ †.
You puncture the dire elephant!
The dire elephant is moderately wounded.
Unknown command.
You bludgeon the dire elephant!! You drain the dire elephant.
The dire elephant is severely wounded.
The dire elephant tramples you!!
* * * LOW HITPOINT WARNING * * *
You stumble backwards!
The ironbound convoker casts a spell at the titan.
The titan seems to grow stronger.
You hit the dire elephant but do no damage.
You drain the dire elephant. You headbutt the dire elephant!
The dire elephant is almost dead.
Unknown command.
You puncture the dire elephant! You drain the dire elephant.
You kill the dire elephant!
Okawaru accepts your kill.
Unknown command.
Items here: )) [ †.
You puncture the ironbound convoker!
You kill the ironbound convoker!
Okawaru accepts your kill. The titan hits you!!
* * * LOW HITPOINT WARNING * * *
Things that are here:
a +0 flail; a +0 scale mail; a human corpse You impale the titan!!
Your headbutt misses the titan.
The titan is moderately wounded.
You hammer the titan like a gong!!!
The titan is heavily wounded.
The titan hits you!!
You die...

▓▓▓▓▓▓▓▓▓▓▓▓▓▓▓▓▓▓▓▓▓▓▓▓
.....+)))))).())@Ce(....
▓▓▓▓▓▓▓▓▓▓▓▓▓▓▓▓▓▓▓▓▓▓▓▓▓▓▓▓▓▓▓▓▓
.).......)).............)).......
▓▓▓▓♣♣♣♣♣♣♣♣♣♣▓▓▓▓▓▓▓▓▓▓▓▓▓▓▓▓▓▓▓
.).)'.........')))).....'........
▓▓▓▓♣♣♣♣♣♣♣♣♣♣▓▓▓▓▓▓▓▓▓▓▓▓▓▓▓▓▓▓▓
.................................
▓▓▓▓▓▓▓▓▓▓▓▓▓▓▓▓▓▓▓▓▓▓▓▓▓▓▓▓▓▓▓▓▓
[.........=)().(†).........'.....


You could see a titan (strong) and a deep elf sorcerer (fast).

Vanquished Creatures
  Rupert (D)
  3 sphinxes (D)
  A thorn hunter (D)
  A fire giant (D)
  Agnes (D)
  A frost giant (D)
  2 vault wardens (D)
  An orc warlord (D)
  4 ironbound preservers (D)
  2 very ugly things (D)
  A stone giant (D)
  2 vampire knights (D)
  2 entropy weavers (D)
  A bunyip (D)
  2 dire elephants (D)
  A deep elf death mage (D)
  An eleionoma (D)
  An ettin (D)
  A merfolk impaler (D)
  2 fire dragons (D)
  Josephine (D)
  3 great orbs of eyes (D)
  A shambling mangrove (D)
  A boulder beetle (D)
  2 ironbound thunderhulks (D)
  2 hydras (D)
  2 naga warriors (D)
  An ice dragon (D)
  An alligator (D)
  Erica (D)
  An anaconda (D)
  A two-headed ogre (D)
  3 deep troll earth magi (D)
  A vampire mage (D)
  A deep troll shaman (D)
  A shock serpent (D)
  10 orc high priests (D)
  2 spriggan berserkers (D)
  Sonja (D)
  A death drake (shapeshifter) (D)
  A swamp dragon (D)
  A sea snake (D)
  A spriggan druid (D)
  A bog body (D)
  A wolf spider (D)
  A harpy (D)
  3 ironbound convokers (D)
  A cyclops (D)
  7 orc knights (D)
  A necromancer (D)
  4 manticores (D)
  An orc sorcerer (D)
  A merfolk siren (D)
  3 black mambas (D)
  A naga mage (D)
  A guardian serpent (D)
  3 cane toads (D)
  Psyche (D)
  A torpor snail (D)
  A kobold demonologist (D)
  A tengu conjurer (D)
  A freezing wraith (D)
  4 komodo dragons (D)
  2 rime drakes (D)
  A troll (D)
  2 jumping spiders (D)
  3 polar bears (D)
  2 hornets (D)
  2 merfolk (D)
  3 slime creatures (D)
  3 tarantellas (D)
  2 redbacks (D)
  A spriggan (D)
  A shadow (D)
  5 wraiths (D)
  A water elemental (D)
  A basilisk (D)
  5 yaks (D)
  A vampire mosquito (D)
  2 water moccasins (D)
  A floating eye (D)
  9 orc warriors (D)
  5 black bears (D)
  An ogre (D)
  A centaur (D)
  2 bullfrogs (D)
  A howler monkey (D)
  4 orc priests (D)
  2 hounds (D)
  An iguana (shapeshifter) (D)
  2 iguanas (D)
  2 orc wizards (D)
  5 orcs (D)
  An endoplasm (D)
  2 goblins (D)
  A bat (D)
  A frilled lizard (D)
187 creatures vanquished.

Vanquished Creatures (others)
  A lich (D)
  An ogre mage (D)
  4 briar patches (D)
6 creatures vanquished.

Grand Total: 193 creatures vanquished

Notes
Turn   | Place    | Note
-------+----------+-------------------------------------------
     0 | D        | mhtbhm the Minotaur Fighter began the quest for the Orb.
     0 | D        | Reached XP level 1. HP: 19/19 MP: 0/0
     7 | D        | Banished a spatial maelstrom
   118 | D        | Noticed a hound
   118 | D        | Noticed an iguana
   118 | D        | Noticed a hound
   118 | D        | Noticed an ogre
   118 | D        | Noticed an iguana
   121 | D        | Killed a hound
   122 | D        | Reached skill level 5 in Fighting
   122 | D        | Reached skill level 5 in Armour
   122 | D        | Reached skill level 5 in Shields
   122 | D        | Reached XP level 2. HP: 28/29 MP: 1/1
   122 | D        | Reached XP level 3. HP: 35/36 MP: 2/2
   125 | D        | Reached XP level 4. HP: 45/45 MP: 3/3
   127 | D        | Killed an ogre
   128 | D        | Reached XP level 5. HP: 53/53 MP: 4/4
   134 | D        | Found a snail-covered altar of Cheibriados.
   134 | D        | Found a shadowy altar of Dithmenos.
   134 | D        | Found a white marble altar of Elyvilon.
   134 | D        | Found a blossoming altar of Fedhas.
   134 | D        | Found an opulent altar of Gozag.
   135 | D        | Found a hazy altar of Hepliaklqana.
   136 | D        | Found a viscous altar of Jiyva.
   137 | D        | Found an ancient bone altar of Kikubaaqudgha.
   138 | D        | Found a corrupted altar of Lugonu.
   139 | D        | Found a burning altar of Makhleb.
   140 | D        | Found a sparkling altar of Nemelex Xobeh.
   141 | D        | Found an iron altar of Okawaru.
   142 | D        | Found a stormy altar of Qazlal.
   143 | D        | Found a sacrificial altar of Ru.
   144 | D        | Found a shimmering blue altar of Sif Muna.
   145 | D        | Found a bloodstained altar of Trog.
   146 | D        | Found a hide-covered altar of Uskayaw.
   147 | D        | Found a radiant altar of Vehumet.
   148 | D        | Found an ornate altar of the Wu Jian Council.
   149 | D        | Became a worshipper of Warmaster Okawaru
   150 | D        | Found a shimmering altar of Xom.
   151 | D        | Found a basalt altar of Yredelemnul.
   152 | D        | Found a glowing silver altar of Zin.
   153 | D        | Found a glowing golden altar of the Shining One.
   215 | D        | Noticed a wraith
   215 | D        | Noticed a komodo dragon
   215 | D        | Noticed a yak
   215 | D        | Noticed a centaur
   215 | D        | Noticed a komodo dragon
   215 | D        | Noticed a shadow
   220 | D        | Killed a wraith
   220 | D        | Reached * piety under Okawaru
   221 | D        | Reached XP level 6. HP: 55/64 MP: 5/5
   224 | D        | Killed a komodo dragon
   224 | D        | Reached ** piety under Okawaru
   225 | D        | Reached skill level 10 in Fighting
   225 | D        | Reached XP level 7. HP: 26/73 MP: 6/6
   227 | D        | Killed a yak
   228 | D        | Reached skill level 10 in Maces & Flails
   228 | D        | Reached skill level 10 in Armour
   228 | D        | Reached skill level 10 in Shields
   236 | D        | Killed a komodo dragon
   237 | D        | Reached XP level 8. HP: 19/83 MP: 7/7
   240 | D        | Reached *** piety under Okawaru
   520 | D        | Noticed a manticore
   520 | D        | Noticed a troll
   520 | D        | Noticed a kobold demonologist
   520 | D        | Noticed a two-headed ogre
   520 | D        | Noticed a slime creature
   527 | D        | Killed a manticore
   528 | D        | Reached skill level 1 in Dodging
   530 | D        | Killed a troll
   536 | D        | Noticed an orange demon
   536 | D        | Killed a kobold demonologist
   536 | D        | Reached **** piety under Okawaru
   537 | D        | Reached XP level 9. HP: 93/93 MP: 7/11
   540 | D        | Killed a two-headed ogre
   541 | D        | Reached skill level 1 in Stealth
   541 | D        | Reached skill level 5 in Invocations
   671 | D        | Noticed a rime drake
   671 | D        | Noticed a rime drake
   671 | D        | Noticed a cane toad
   671 | D        | Noticed a komodo dragon
   672 | D        | Noticed a komodo dragon
   676 | D        | Killed a rime drake
   676 | D        | Reached ***** piety under Okawaru
   680 | D        | Noticed a cane toad
   682 | D        | Killed a rime drake
   683 | D        | Reached skill level 15 in Maces & Flails
   683 | D        | Noticed a four-headed hydra
   693 | D        | Killed a cane toad
   693 | D        | Received a gift from Okawaru
   695 | D        | Reached XP level 10. HP: 69/103 MP: 13/13
   709 | D        | Killed a four-headed hydra
   711 | D        | Killed a cane toad
   903 | D        | Noticed a cane toad
   903 | D        | Noticed a boulder beetle
   918 | D        | Killed a cane toad
   919 | D        | Reached skill level 15 in Fighting
   964 | D        | Killed a boulder beetle
  1191 | D        | Reached skill level 5 in Dodging
  1209 | D        | Reached XP level 11. HP: 102/114 MP: 16/16
  1275 | D        | Noticed Sonja
  1280 | D        | Killed Sonja
  1531 | D        | Noticed an orc knight
  1531 | D        | Noticed an orc knight
  1531 | D        | Noticed an orc knight
  1538 | D        | Killed an orc knight
  1538 | D        | Identified the +13 crystal plate armour "Jakav Noyck"
                  | {Dex+4} (Okawaru gifted it to you in the Dungeon)
  1538 | D        | Received a gift from Okawaru
  1542 | D        | Killed an orc knight
  1552 | D        | Killed an orc knight
  1553 | D        | Reached skill level 10 in Invocations
  1806 | D        | Reached ****** piety under Okawaru
  1827 | D        | Noticed an orc sorcerer
  1831 | D        | Killed an orc sorcerer
  1832 | D        | Noticed an orc high priest
  1839 | D        | Noticed a soul eater
  1839 | D        | Killed an orc high priest
  1976 | D        | Found Uhuan's Jewellery Emporium.
  1976 | D        | Noticed an orc high priest
  1976 | D        | Noticed an orc high priest
  1976 | D        | Noticed an orc knight
  1976 | D        | Noticed an orc high priest
  1976 | D        | Noticed an orc high priest
  1978 | D        | Killed an orc high priest
  1980 | D        | Noticed an orc high priest
  1987 | D        | Killed an orc high priest
  1988 | D        | Found Nuonlos's Book Shoppe.
  1988 | D        | Noticed an orc high priest
  1996 | D        | Killed an orc knight
  1997 | D        | Noticed an orc high priest
  2004 | D        | Killed an orc high priest
  2007 | D        | Found Irerofin's Assorted Antiques.
  2007 | D        | Noticed an orc knight
  2109 | D        | Killed an orc high priest
  2120 | D        | Killed an orc high priest
  2347 | D        | Killed an orc high priest
  2348 | D        | Reached XP level 12. HP: 70/130 MP: 19/19
  2563 | D        | Killed an orc high priest
  2616 | D        | Noticed an orc high priest
  2630 | D        | Killed an orc high priest
  2634 | D        | Received a gift from Okawaru
  2650 | D        | Noticed an orc high priest
  2659 | D        | Killed an orc high priest
  2661 | D        | Paralysed by you for 3 turns
  2710 | D        | Found Gyggem's Magic Scroll Shoppe.
  2744 | D        | Bought a potion of heal wounds for 115 gold pieces
  2744 | D        | Bought a scroll of enchant armour for 172 gold pieces
  2744 | D        | Bought a runed scarf for 184 gold pieces
  2744 | D        | Bought a green potion for 20 gold pieces
  2744 | D        | Bought a bubbling sapphire potion for 20 gold pieces
  2744 | D        | Bought a scroll of identify for 46 gold pieces
  2744 | D        | Bought a scroll of identify for 46 gold pieces
  2746 | D        | Bought a scroll of identify for 28 gold pieces
  2746 | D        | Bought a scroll of magic mapping for 49 gold pieces
  2746 | D        | Bought a scroll of blinking for 105 gold pieces
  2746 | D        | Bought a scroll of blinking for 105 gold pieces
  2746 | D        | Bought a scroll of silence for 105 gold pieces
  2746 | D        | Bought a scroll of fog for 28 gold pieces
  2746 | D        | Bought a scroll of fog for 28 gold pieces
  2746 | D        | Bought a scroll of holy word for 105 gold pieces
  2791 | D        | Noticed Josephine
  2800 | D        | Killed Josephine
  2940 | D        | Noticed an eight-headed hydra
  2940 | D        | Noticed an ogre mage
  2944 | D        | Noticed a stone giant
  2953 | D        | Killed an eight-headed hydra
  2953 | D        | Received a gift from Okawaru
  2954 | D        | Paralysed by something for 7 turns
  2962 | D        | Noticed a lich
  2966 | D        | Killed a stone giant
  2966 | D        | Killed an ogre mage
  2974 | D        | Noticed a deep troll earth mage
  2984 | D        | Killed a lich
  2990 | D        | Reached skill level 1 in Evocations
  2994 | D        | Noticed an ettin
  3007 | D        | Noticed a deep troll shaman
  3016 | D        | Killed a deep troll earth mage
  3017 | D        | Reached skill level 15 in Armour
  3021 | D        | Killed an ettin
  3028 | D        | Reached skill level 15 in Shields
  3031 | D        | Killed a deep troll shaman
  3245 | D        | Noticed a naga warrior
  3245 | D        | Noticed an anaconda
  3245 | D        | Noticed a naga warrior
  3250 | D        | Reached XP level 13. HP: 143/143 MP: 22/22
  3639 | D        | Noticed an entropy weaver
  3667 | D        | Killed an entropy weaver
  3677 | D        | Identified the +2 pair of boots of Chimes {rCorr} (Okawaru
                  | gifted it to you in the Dungeon)
  3677 | D        | Received a gift from Okawaru
  3893 | D        | Noticed a bunyip
  3893 | D        | Noticed a thorn hunter
  3900 | D        | Killed a bunyip
  3906 | D        | Noticed an eleionoma
  3922 | D        | Killed an eleionoma
  3931 | D        | Killed a thorn hunter
  3932 | D        | Reached skill level 15 in Invocations
  3933 | D        | HP: 7/146 [bog body/bolt of cold (42)]
  4728 | D        | Noticed a merfolk impaler
  4752 | D        | Killed a merfolk impaler
  5029 | D        | Noticed Agnes
  5037 | D        | Killed Agnes
  5072 | D        | Noticed Psyche
  5074 | D        | Noticed Rupert
  5078 | D        | Killed Psyche
  5078 | D        | Received a gift from Okawaru
  5087 | D        | Killed Rupert
  5106 | D        | Noticed Erica
  5119 | D        | Killed Erica
  5164 | D        | Noticed a vampire knight
  5164 | D        | Noticed a fire dragon
  5165 | D        | Noticed a green very ugly thing
  5176 | D        | Killed a vampire knight
  5177 | D        | Reached XP level 14. HP: 81/157 MP: 25/25
  5187 | D        | Killed a green very ugly thing
  5189 | D        | Noticed a fire giant
  5192 | D        | Noticed a white very ugly thing
  5651 | D        | Killed a fire giant
  5651 | D        | Received a gift from Okawaru
  5747 | D        | Noticed a vampire knight
  5755 | D        | Killed a white very ugly thing
  5758 | D        | Killed a vampire knight
  5758 | D        | Received a gift from Okawaru
  5914 | D        | Noticed a frost giant
  5929 | D        | Killed a frost giant
  5983 | D        | Noticed an ironbound preserver
  5983 | D        | Noticed a sphinx
  5993 | D        | Reached skill level 1 in Throwing
  5995 | D        | Killed an ironbound preserver
  6000 | D        | Noticed an ironbound preserver
  6007 | D        | Killed a sphinx
  6013 | D        | Noticed a vault warden
  6022 | D        | Killed an ironbound preserver
  6022 | D        | Noticed an ironbound preserver
  6035 | D        | Killed a vault warden
  6038 | D        | Killed an ironbound preserver
  6041 | D        | Noticed a sphinx
  6045 | D        | Noticed an ironbound preserver
  6049 | D        | Noticed a sphinx
  6052 | D        | Noticed an orc warlord
  6055 | D        | Noticed a vault warden
  6056 | D        | Paralysed by a sphinx for 5 turns
  6061 | D        | Killed a sphinx
  6065 | D        | Killed an ironbound preserver
  6071 | D        | Killed a sphinx
  6077 | D        | Killed an orc warlord
  6080 | D        | Killed a vault warden
  6080 | D        | Identified the +6 morningstar of Discord {vorpal, rN+}
                  | (Okawaru gifted it to you in the Dungeon)
  6080 | D        | Received a gift from Okawaru
  6081 | D        | Noticed a deep elf sorcerer
  6081 | D        | Noticed a titan
  6092 | D        | HP: 6/244 [titan (32)]
  6094 | D        | Demolished by a titan

Illustrated notes

Levels and vault maps discovered:
D:        linesprint [early_d, line_temple, items_1, d_10, items_2, lair_1,
          lair_end, items_3, orc_1, orc_end, items_4, d_15, swamp_1, shoals_1,
          snake_1, spider_1, d_20, vaults_1, items_5, swamp_end, shoals_end,
          snake_end, spider_end, vaults_end, d_27, items_6, zot_1, zot_end,
          crypt_end, forest_end, elf_end, slime_end, tomb_end, abyss_end,
          pan_hell_end]

Skill      XL: |  1  2  3  4  5  6  7  8  9 10 11 12 13 14 |
---------------+-------------------------------------------+-----
Fighting       | 5 6 7 9 10 11 13 14 16 19 21 23 25 | 25.8
Armour         | 5 6 7 8 9 10 11 12 13 15 18 20 | 20.4
Shields        | 5 6 7 8 9 10 11 12 13 15 17 19 | 19.3
Maces & Flails | 3 4 6 8 9 11 13 15 17 19 21 23 25 | 25.8
Dodging        | 2 3 5 7 8 |  8.5
Invocations    | 4 6 9 11 13 16 18 | 18.5
Stealth        | 1 2 3 |  3.6
Evocations     | 1 |  1.2
Throwing       | 2 |  2.7

Action                   |  1- 3 |  4- 6 |  7- 9 | 10-12 | 13-15 || total
-------------------------+-------+-------+-------+-------+-------++-------
Melee: Flail             |    13 |     3 |       |       |       ||    16
       Headbutt          |     2 |     3 |    18 |   102 |   104 ||   229
       Morningstar       |       |     9 |    60 |   356 |       ||   425
       Eveningstar       |       |       |       |     3 |   346 ||   349
Throw: Javelin           |       |       |       |       |     6 ||     6
       Dart              |       |       |       |       |     3 ||     3
Invok: Heroism           |       |       |       |       |     2 ||     2
Evoke: Wand              |       |       |       |     2 |     1 ||     3
  Use: Potion            |     1 |       |     2 |     2 |    11 ||    16
       Scroll            |       |       |       |     4 |     1 ||     5
 Stab: Invisible         |       |       |     1 |     1 |       ||     2
Armor: Scale mail        |     3 |       |       |       |       ||     3
       Chain mail        |       |     2 |    21 |       |       ||    23
       Leather armour    |       |       |     5 |    47 |       ||    52
       Crystal plate arm |       |       |       |   104 |   218 ||   322
Dodge: Dodged            |     6 |     7 |    13 |   103 |    86 ||   215
Block: Buckler           |     2 |     1 |    15 |    70 |   103 ||   191

Table legend: (Time is in decaauts)
 A = Elapsed time spent in this place.
 B = Non-inter-level travel time spent in this place.
 C = Inter-level travel time spent in this place.
 D = Time resting spent in this place.
 E = Time spent auto-exploring this place.
 F = Levels seen in this place.
 G = Mean time per level.
                   A        B        C        D        E       F      G
               +--------+--------+--------+--------+--------+-----+--------+
         Total |   5887 |   5887 |      0 |   2910 |   1149 |   1 | 5887.0 |
       Dungeon |   5887 |   5887 |      0 |   2910 |   1149 |   1 | 5887.0 |
               +--------+--------+--------+--------+--------+-----+--------+

Top non-repeatable levels by time:
       D: 5887 daAuts
